 Dungeon Sprint DCSS version 0.30-a0-1103-g25895a7845 (webtiles) character file.

Game seed: 3906900733118929351

286 fozzywoppz the Fighter (level 6, -3/74 HPs)
             Began as an Ogre Fighter on Apr 19, 2023.
             Was a Follower of Okawaru.
             Slain by a gnoll
             ... wielding a +0 spear
             ... led by a gnoll sergeant
              (7 damage)
             ... in the Dungeon (Sprint VII: "The Pits").
             The game lasted 00:02:51 (554 turns).

fozzywoppz the Fighter (Ogre Fighter)                Turns: 554, Time: 00:02:51

Health: -3/74      AC:  3    Str: 21    XL:     6   Next: 30%
Magic:  10/10      EV: 10    Int:  9    God:    Okawaru [*.....]
Gold:   0          SH:  9    Dex: 10    Spells: 5/5 levels left

rFire   . . .      SeeInvis .    n - +1 mace (heavy)
rCold   . . .      Faith    .    c - +0 kite shield
rNeg    . . .      Spirit   .    b - +0 robe
rPois   .          Reflect  .    (helmet restricted)
rElec   .          Rampage  .    (no cloak)
rCorr   .          NoTele   +    (gloves unavailable)
Will    .....                    (boots unavailable)
Stlth   +                        (no amulet)
HPRegen 0.32/turn                (no ring)
MPRegen 0.12/turn                (no ring)

@: lethally poisoned (-3 -> -9)
A: large, unfitting armour, tough skin 1
a: Renounce Religion, Heroism


You were in the Dungeon.
You worshipped Okawaru.
Okawaru was aware of your devotion.
You visited 1 branch

Inventory:

Hand Weapons
 n - a +1 heavy mace (weapon)
Armour
 b - a +0 robe (worn)
 c - a +0 kite shield (worn)
Scrolls
 j - a scroll of blinking
 l - 5 scrolls of amnesia
 m - a scroll of summoning
Potions
 d - a potion of might
 e - 4 potions of curing
 f - 4 potions of heal wounds
 g - a potion of haste
 h - 4 potions of magic
 i - 3 potions of berserk rage
 k - 2 potions of invisibility


   Skills:
 + Level 8.6 Fighting
 + Level 5.5 Maces & Flails
 + Level 5.9 Dodging
 + Level 6.5 Shields
 + Level 5.5 Invocations


You had 5 spell levels left.
You didn't know any spells.
Your spell library was empty.

Dungeon Overview and Level Annotations

Branches:
Dungeon (1/1)

Altars:
Ashenzari
Cheibriados
Dithmenos
Elyvilon
Fedhas
Gozag
Hepliaklqana
Kikubaaqudgha
Makhleb
Nemelex Xobeh
Okawaru
Qazlal
Ru
Sif Muna
Trog
Uskayaw
Vehumet
Wu Jian
Xom
Yredelemnul
Zin
The Shining One
Jiyva
Lugonu


Innate Abilities, Weirdness & Mutations

You are too large for most types of armour.
You have tough skin. (AC +1)


Message History

You close the door.
There are no items here.
There are no items here.
A gnoll opens the door.
You block the gnoll's attack.
There is an open door, spattered with blood here.
You barely miss the gnoll. You block the gnoll sergeant's attack.
The gnoll closely misses you.
You hit the gnoll but do no damage.
The gnoll sergeant hits you from afar with a +2 spear of venom!
You are poisoned.
You block the gnoll's attack.
The gnoll sergeant hits you from afar with a +2 spear of venom!
* * * LOW HITPOINT WARNING * * *
You are lethally poisoned!
The gnoll hits you but does no damage.
You feel much better.
You feel very sick. You block the gnoll's attack.
The gnoll hits you with a +0 spear!
The gnoll sergeant hits you from afar with a +2 spear of venom!
* * * LOW HITPOINT WARNING * * *
You feel better. The gnoll hits you with a +0 spear.
The gnoll hits you with a +0 club.
* * * LOW HITPOINT WARNING * * *
The gnoll sergeant hits you from afar with a +2 spear of venom!
* * * LOW HITPOINT WARNING * * *
You are lethally poisoned!
Unknown command.
You feel better.
The gnoll sergeant hits you from afar with a +2 spear of venom.
* * * LOW HITPOINT WARNING * * *
You are poisoned.
The gnoll hits you with a +0 club.
* * * LOW HITPOINT WARNING * * *
The gnoll closely misses you.
You barely miss the gnoll.
* * * LOW HITPOINT WARNING * * *
You feel very sick. The gnoll hits you with a +0 spear!
You die...

#_______...###########
##########'##.........
#.?(.')))'.##......#..
##########.##.........
#...g......)'.........
#g#####'#####......#..
#.#...g.#[[##.........
#g#..ggg#))#####'#####
#.###@###))##.......#
#g#..)..#))##.......#
#.#.....#..##.......#
#g####รท##'###...<...#
#.#........##.......#
#.#........##.......#
#'###########.......#
#.......# #########
#.......#


You could see a gnoll sergeant and 3 gnolls.

Vanquished Creatures
  An ice beast (D)
  A sky beast (D)
  A crimson imp (D)
  An iguana (D)
  2 gnolls (D)
  An adder (D)
  3 giant cockroaches (D)
  A hobgoblin (D)
  3 jackals (D)
  2 kobolds (D)
16 creatures vanquished.

Notes
Turn   | Place    | Note
-------+----------+-------------------------------------------
     0 | D        | fozzywoppz the Ogre Fighter began the quest for the Orb.
     0 | D        | Reached XP level 1. HP: 24/24 MP: 1/1
    17 | D        | Reached XP level 2. HP: 12/33 MP: 2/2
   102 | D        | Found a glowing golden altar of the Shining One.
   102 | D        | Found a glowing silver altar of Zin.
   102 | D        | Found a basalt altar of Yredelemnul.
   102 | D        | Found a shimmering altar of Xom.
   102 | D        | Found an ornate altar of the Wu Jian Council.
   102 | D        | Found a bloodstained altar of Trog.
   102 | D        | Found a shimmering blue altar of Sif Muna.
   102 | D        | Found a sacrificial altar of Ru.
   102 | D        | Found a stormy altar of Qazlal.
   102 | D        | Found an iron altar of Okawaru.
   102 | D        | Found a sparkling altar of Nemelex Xobeh.
   102 | D        | Found a burning altar of Makhleb.
   102 | D        | Found a viscous altar of Jiyva.
   102 | D        | Found a hazy altar of Hepliaklqana.
   102 | D        | Found an opulent altar of Gozag.
   102 | D        | Found a blossoming altar of Fedhas.
   102 | D        | Found a white marble altar of Elyvilon.
   102 | D        | Found a shadowy altar of Dithmenos.
   102 | D        | Found a snail-covered altar of Cheibriados.
   103 | D        | Found a radiant altar of Vehumet.
   103 | D        | Found a corrupted altar of Lugonu.
   104 | D        | Found a hide-covered altar of Uskayaw.
   104 | D        | Found an ancient bone altar of Kikubaaqudgha.
   104 | D        | Found a broken altar of Ashenzari.
   108 | D        | Became a worshipper of Warmaster Okawaru
   132 | D        | Reached skill level 5 in Fighting
   213 | D        | Noticed an ice beast
   226 | D        | Reached skill level 1 in Invocations
   226 | D        | Reached XP level 3. HP: 25/42 MP: 3/3
   239 | D        | Killed an ice beast
   240 | D        | Reached skill level 6 in Fighting
   240 | D        | Reached skill level 5 in Shields
   240 | D        | Reached XP level 4. HP: 8/53 MP: 3/6
   240 | D        | Reached XP level 5. HP: 10/61 MP: 3/7
   244 | D        | Reached skill level 7 in Fighting
   485 | D        | Noticed a sky beast
   497 | D        | Reached skill level 5 in Dodging
   505 | D        | Reached * piety under Okawaru
   506 | D        | Reached skill level 5 in Maces & Flails
   510 | D        | Killed a sky beast
   511 | D        | Reached skill level 8 in Fighting
   511 | D        | Reached skill level 5 in Invocations
   511 | D        | Reached XP level 6. HP: 29/74 MP: 8/10
   554 | D        | Slain by a gnoll

Illustrated notes

Levels and vault maps discovered:
D:        pitsprint [storerooms_1, entrance_room_1, metal_vault_4, armoury_3,
          mini_pit_1, grid_room_1, main_hall_1, silver_pit, the_coven_1,
          the_vestibule_1, steel_vault_3, golden_pit, hallway_of_sentries,
          crystal_vault_2, iron_vault_4, final_vault]

Skill      XL: |  1  2  3  4  5 |
---------------+----------------+-----
Maces & Flails | 2 3 4 5 |  5.5
Dodging        | 3 4 5 |  5.9
Fighting       | 5 6 8 |  8.6
Shields        | 4 5 6 |  6.5
Invocations    | 1 3 5 |  5.5

Action                     |  1- 3 |  4- 6 || total
---------------------------+-------+-------++-------
  Melee: Flail             |    47 |    13 ||    60
         Mace              |       |    24 ||    24
    Use: Potion            |     1 |     3 ||     4
 Armour: Robe              |    19 |    13 ||    32
  Dodge: Dodged            |    27 |    19 ||    46
  Block: Kite shield       |    30 |    36 ||    66

Table legend: (Time is in decaauts)
 A = Elapsed time spent in this place.
 B = Non-inter-level travel time spent in this place.
 C = Inter-level travel time spent in this place.
 D = Time resting spent in this place.
 E = Time spent auto-exploring this place.
 F = Levels seen in this place.
 G = Mean time per level.
                   A        B        C        D        E       F      G
               +--------+--------+--------+--------+--------+-----+--------+
         Total |    596 |    596 |      0 |    283 |      0 |   1 |  596.0 |
       Dungeon |    596 |    596 |      0 |    283 |      0 |   1 |  596.0 |
               +--------+--------+--------+--------+--------+-----+--------+

Top non-repeatable levels by time:
       D: 596 daAuts
